 Dungeon Crawl Stone Soup version 0.29-a0-1016-g236c7fd91e (webtiles) character file.

Game seed: 17820890237227602106

2857 ragingrage the Cleaver (level 9, 0/38 HPs)
             Began as a Vine Stalker Chaos Knight on Aug 8, 2022.
             Was a Plaything of Xom.
             Succumbed to a killer bee's poison
             ... on level 7 of the Dungeon on Aug 9, 2022.
             The game lasted 00:09:50 (7360 turns).

ragingrage the Cleaver (Vine Stalker Chaos Knight)  Turns: 7360, Time: 00:09:51

Health: 0/38       AC: 10    Str: 28    XL:     9   Next: 75%
Magic:  4/10       EV: 10    Int:  9    God:    Xom [..*...]
Gold:   170        SH:  0    Dex:  6    Spells: 8/8 levels left

rFire   + . .      SeeInvis .   a - +5 battleaxe of the Establishment {elec, rElec rC+ rCorr Dex-2}
rCold   + . .      Faith    .   (shield currently unavailable)
rNeg    . . .      Spirit   +   N - +2 scale mail "Dul Ybre" {rF+ Str+4 Dex-4}
rPois   .          Reflect  .   h - +0 helmet
rElec   +          Harm     .   A - +0 cloak
rCorr   +          Rampage  .   M - +1 pair of gloves
Will    +....      Clarity  +   b - +0 pair of boots
Stlth   ..........              (no amulet)
HPRegen 1.72/turn               (no ring)
MPRegen 0.12/turn               (no ring)

@: confused, lethally poisoned (0 -> -2), ambrosia-drunk, studying Throwing,
invisible
A: fangs 3, regeneration 2, magic shield, antimagic bite, no potion heal 2,
clarity, deformed body, dopey 1, frail 1, strong 1
a: Renounce Religion


You were on level 7 of the Dungeon.
You worshipped Xom.
You were a toy of Xom.
You visited 1 branch of the dungeon, and saw 8 of its levels.

You collected 515 gold pieces.
You spent 345 gold pieces at shops.

Inventory:

Hand Weapons
 a - the +5 battleaxe of the Establishment (weapon) {elec, rElec rC+ rCorr Dex-2}
   (You bought it in a shop on level 7 of the Dungeon)

   It occasionally discharges a powerful burst of electricity upon striking a
   foe.
   Dex:       It affects your dexterity (-2).
   rC:        It protects you from cold.
   rElec:     It insulates you from electricity.
   rCorr:     It protects you from acid and corrosion.
 B - a +3 flail
 K - a +2 battleaxe
Missiles
 j - 5 poisoned darts (quivered)
 x - 6 silver javelins
 y - a throwing net
Armour
 b - a +0 pair of boots (worn)
 h - a +0 helmet (worn)
 A - a +0 cloak (worn)
 M - a +1 pair of gloves (worn)
 N - the +2 scale mail "Dul Ybre" (worn) {rF+ Str+4 Dex-4}
   (You found it on level 7 of the Dungeon)

   Str:       It affects your strength (+4).
   Dex:       It affects your dexterity (-4).
   rF:        It protects you from fire.
Wands
 s - a wand of iceblast (6)
 L - a wand of mindburst (7)
Scrolls
 d - 3 scrolls of poison
 e - a scroll of enchant armour {unknown}
 i - 3 scrolls of vulnerability
 k - 3 scrolls of enchant weapon
 l - a scroll of blinking
 n - 4 scrolls of immolation
 o - 4 scrolls of fog
 r - 6 scrolls of identify
 u - 2 scrolls of noise
 C - a scroll of amnesia {unknown}
 D - a scroll of brand weapon {unknown}
 G - 3 scrolls of teleportation
 H - 2 scrolls of fear
 J - a scroll of magic mapping {unknown}
Potions
 f - a potion of ambrosia
 m - a potion of attraction
 p - a potion of mutation
 q - a potion of degeneration {unknown}
 t - a potion of invisibility
 v - a potion of might
 w - 2 potions of haste {unknown}
 z - a potion of brilliance
 E - a potion of resistance {unknown}
 F - 4 potions of curing {unknown}
 I - a potion of cancellation {unknown}
Miscellaneous
 c - a piece from Xom's chessboard (15/15)


   Skills:
 - Level 2.6 Fighting
 * Level 11.5 Axes
 - Level 6.0 Throwing
 - Level 1.5 Armour
 - Level 0.7 Dodging


You had 8 spell levels left.
You didn't know any spells.
Your spell library contained the following spells:

 Spells                   Type           Power      Damage    Failure   Level
 Apportation              Tloc           0%         N/A       65%         1
 Beastly Appendage        Tmut           0%         N/A       65%         1
 Sandblast                Erth           0%         2d4       65%         1
 Summon Small Mammal      Summ           0%         N/A       65%         1
 Passwall                 Tmut/Erth      0%         N/A       80%         2
 Wereblood                Tmut           0%         N/A       80%         2
 Call Canine Familiar     Summ           0%         N/A       95%         3
 Ignite Poison            Fire/Tmut/Pois 0%         N/A       95%         3
 Mephitic Cloud           Conj/Pois/Air  0%         N/A       95%         3
 Portal Projectile        Hex/Tloc       0%         N/A       95%         3
 Spider Form              Tmut/Pois      0%         N/A       95%         3
 Stone Arrow              Conj/Erth      0%         3d7       95%         3
 Summon Guardian Golem    Hex/Summ       0%         N/A       95%         3
 Fulminant Prism          Conj/Hex       0%         3d6       100%        4
 Iskenderun's Mystic Bla  Conj/Tloc      0%         2d3       100%        4
 Leda's Liquefaction      Hex/Erth       0%         N/A       100%        4
 Alistair's Intoxication  Tmut/Pois      0%         N/A       100%        5
 Freezing Cloud           Conj/Ice/Air   0%         6-21      100%        5
 Lee's Rapid Deconstruct  Erth           0%         3d5*      100%        5


Dungeon Overview and Level Annotations

Branches:
Dungeon (8/15)             Temple (0/1) D:4
   Lair: D:8-11

Altars:
Elyvilon
Gozag
Nemelex Xobeh
Sif Muna
Vehumet
Xom

Shops:
D:6 =   D:7 ((

Annotations:
D:7 exclusion: downstairs
D:8 1 transporter


Innate Abilities, Weirdness & Mutations

You have razor-sharp teeth.
You heal very quickly.
When hurt, damage is shared between your health and your magic reserves.
Your bite disrupts and absorbs the magic of your enemies.
Potions cannot restore your health.
You possess an exceptional clarity of mind.
Armour fits poorly on your strangely shaped body.
You are dopey. (Int -2)
You are frail. (-10% HP)
Your muscles are strong. (Str +4, Int/Dex -1)


Message History

Level annotation: exclusion: downstairs
There is a stone staircase leading down here.
You closely miss the killer bee. Your bite misses the killer bee.
You miss the killer bee. You hit the killer bee.
The killer bee closely misses you. x2; The killer bee stings you.
You are poisoned.
The killer bee poisons you! The killer bee stings you.
You are more poisoned.
The killer bee poisons you!
The killer bee stings you but does no damage.
The killer bee stings you!
You closely miss the killer bee. You barely miss the killer bee.
You closely miss the killer bee.
You feel very sick.
The killer bee stings you but does no damage.
The killer bee misses you. The killer bee stings you!
The killer bee stings you but does no damage.
The killer bee closely misses you.
The killer bee stings you but does no damage.
You closely miss the killer bee. Your bite misses the killer bee.
You hit the killer bee. You miss the killer bee.
You feel very sick. The killer bee stings you!
The killer bee barely misses you.
The killer bee stings you but does no damage. x2
The killer bee stings you!
* * * LOW HITPOINT WARNING * * *
The killer bee stings you but does no damage.
You fade into invisibility!
You feel very sick.
The killer bee stings you but does no damage.
The killer bee barely misses you. The killer bee stings you!
* * * LOW HITPOINT WARNING * * *
You are lethally poisoned!
The killer bee poisons you! The killer bee closely misses you.
The killer bee stings you but does no damage.
The killer bee barely misses you.
You are confused.
Your system rejects the healing.
You feel invigorated.
You die...
Xom howls with laughter!

#################################
#..............y@y...............
#............(..[y...............
#................................
#................................
##....####.######..###'###...####
#########'##..##..##...######...
#....#.[......'........#...
#....#........#........#...
#....#........#.....∩..#...


You could see 3 killer bees.

Vanquished Creatures
  A hornet (D:6)
  A sky beast (D:7)
  3 black bears
  2 ogres
  2 phantoms (D:5)
  A kobold brigand (D:5)
  2 bullfrogs
  A necrophage (D:5)
  6 scorpions
  4 wights (D:7)
  4 crimson imps (D:7)
  5 hounds
  3 jellies
  An orc priest (D:5)
  Jessica (D:2)
  8 iguanas
  Natasha (thrice) (D:3)
  3 orc wizards
  8 gnolls (D:5)
  11 adders
  2 shadow imps
  2 white imps
  An ufetubus (D:5)
  3 worms (D:2)
  3 dart slugs
  14 orcs
  7 ball pythons
  8 endoplasms
  5 giant cockroaches
  18 goblins
  4 hobgoblins
  6 jackals
  5 quokkas
  9 bats
  A frilled lizard (D:3)
  12 kobolds
  5 rats
175 creatures vanquished.

Vanquished Creatures (collateral kills)
  An orc (D:3)
1 creature vanquished.

Vanquished Creatures (others)
  A hobgoblin (D:4)
  2 fungi (D:8)
  3 plants
  4 toadstools (D:4)
10 creatures vanquished.

Grand Total: 186 creatures vanquished

Notes
Turn   | Place    | Note
-------+----------+-------------------------------------------
     0 | D:1      | ragingrage the Vine Stalker Chaos Knight began the quest
                  | for the Orb.
     0 | D:1      | Reached XP level 1. HP: 11/11 MP: 2/2
   219 | D:1      | Reached skill level 3 in Axes
   369 | D:1      | Reached XP level 2. HP: 16/16 MP: 3/3
   407 | D:1      | XOM: silly message
   546 | D:1      | XOM: silly message
   605 | D:1      | Reached XP level 3. HP: 18/19 MP: 4/4
  1071 | D:1      | Reached skill level 4 in Axes
  1357 | D:2      | XOM: 3-stop teleportation journey
  1522 | D:2      | Gained mutation: Your natural rate of healing is unusually
                  | fast. [Vine Stalker growth]
  1522 | D:2      | Reached XP level 4. HP: 17/23 MP: 5/5
  1559 | D:2      | Noticed Jessica
  1570 | D:2      | XOM: butterfly on damage
  1600 | D:2      | Killed Jessica
  1635 | D:2      | XOM: smoke on damage
  1804 | D:2      | Reached skill level 5 in Axes
  1828 | D:2      | XOM: confuse monster(s)
  1834 | D:2      | Reached XP level 5. HP: 11/27 MP: 2/6
  2115 | D:3      | Found an opulent altar of Gozag.
  2117 | D:3      | Found a white marble altar of Elyvilon.
  2278 | D:3      | Noticed Natasha
  2282 | D:3      | XOM: summons 5 friendly demons
  2285 | D:3      | Killed Natasha
  2291 | D:3      | XOM: 1-stop teleportation journey
  2312 | D:3      | Found a sparkling altar of Nemelex Xobeh.
  2472 | D:3      | Noticed Natasha
  2483 | D:3      | Killed Natasha
  2484 | D:3      | Reached XP level 6. HP: 31/32 MP: 7/7
  2509 | D:3      | HP: 1/32 [poisoned by an orc wizard]
  2512 | D:3      | Gained mutation: Your muscles are strong. (Str +4, Int/Dex
                  | -1) [potion of mutation]
  2512 | D:3      | Gained mutation: You are dopey. (Int -2) [potion of
                  | mutation]
  2512 | D:3      | Gained mutation: You possess an exceptional clarity of
                  | mind. [potion of mutation]
  2514 | D:3      | HP: 1/32 [poisoned by an orc wizard]
  2515 | D:3      | Reached skill level 6 in Axes
  2625 | D:3      | Noticed Natasha
  2630 | D:3      | Killed Natasha
  2855 | D:3      | XOM: give mutations
  2855 | D:3      | Gained mutation: Armour fits poorly on your strangely
                  | shaped body. [Xom's mischief]
  2855 | D:3      | Gained mutation: You heal very quickly. [Xom's mischief]
  2855 | D:3      | Gained mutation: You are frail. (-10% HP) [Xom's mischief]
  2888 | D:4      | Noticed Robin
  2913 | D:4      | Noticed Robin
  2913 | D:4      | Robin changed into Robin the ball python
  2913 | D:4      | XOM: polymorph Robin -> Robin the ball python
  2954 | D:4      | Killed Robin the ball python
  3074 | D:4      | Found a staircase to the Ecumenical Temple.
  3105 | D:4      | Found a radiant altar of Vehumet.
  3169 | D:4      | Found a shimmering blue altar of Sif Muna.
  3813 | D:5      | Entered Level 5 of the Dungeon
  3905 | D:5      | Reached skill level 7 in Axes
  3905 | D:5      | Reached XP level 7. HP: 31/31 MP: 5/8
  4092 | D:5      | XOM: divination: detect creatures
  4157 | D:5      | XOM: draining
  4229 | D:5      | XOM: noise
  4232 | D:5      | Reached skill level 8 in Axes
  4235 | D:5      | XOM: summons 4 hostile demons
  4301 | D:5      | XOM: 2-stop teleportation journey
  4351 | D:5      | XOM: smoke on damage
  4449 | D:5      | Gained mutation: You have razor-sharp teeth. [Vine Stalker
                  | growth]
  4449 | D:5      | Reached XP level 8. HP: 7/35 MP: 2/9
  4652 | D:5      | XOM: torment (22/35 hp)
  4802 | D:5      | Reached skill level 9 in Axes
  4974 | D:6      | XOM: silly message
  4979 | D:6      | Noticed a hornet
  4987 | D:6      | XOM: potion effect (invisibility)
  4994 | D:5      | Reached skill level 1 in Throwing
  5008 | D:6      | Killed a hornet
  5087 | D:6      | You fall into a shaft and drop 1 floor!
  5087 | D:7      | XOM: noise
  5105 | D:7      | XOM: potion effect (brilliance)
  5116 | D:7      | XOM: divination: detect creatures
  5117 | D:7      | XOM: butterfly on damage
  5184 | D:7      | Reached skill level 10 in Axes
  5360 | D:6      | Found Seazxyti's Jewellery Boutique.
  5368 | D:6      | XOM: cloud trail
  5389 | D:6      | XOM: noise
  5513 | D:5      | XOM: silly message
  5610 | D:5      | XOM: silly message
  5624 | D:5      | Reached XP level 9. HP: 27/38 MP: 3/10
  5890 | D:5      | Reached skill level 5 in Throwing
  6428 | D:7      | Identified the +2 scale mail "Dul Ybre" {rF+ Str+4 Dex-4}
  6444 | D:7      | Found Riyr Fioj's Weapon Emporium.
  6590 | D:7      | Found Moetoren's Antique Weapon Emporium.
  6595 | D:7      | Bought a transparent battleaxe for 345 gold pieces
  6595 | D:7      | Identified the +5 battleaxe of the Establishment {elec,
                  | rElec rC+ rCorr Dex-2} (You bought it in a shop on level 7
                  | of the Dungeon)
  6677 | D:7      | Upgraded the game from 0.29-a0-1009-g60c99734e7 to
                  | 0.29-a0-1016-g236c7fd91e
  6909 | D:7      | Reached skill level 11 in Axes
  6923 | D:7      | Found a shimmering altar of Xom.
  7154 | D:7      | XOM: cloud trail
  7241 | D:8      | XOM: potion effect (haste)
  7253 | D:8      | Noticed a komodo dragon
  7255 | D:8      | XOM: noise
  7268 | D:8      | XOM: cast spell 'Summon Small Mammal'
  7273 | D:8      | Noticed a glowing shapeshifter
  7273 | D:8      | a bullfrog changed into a glowing shapeshifter
  7274 | D:8      | Noticed a deep troll
  7274 | D:8      | a glowing shapeshifter changed into a deep troll
  7275 | D:8      | Noticed a faun
  7275 | D:8      | a deep troll changed into a faun
  7346 | D:8      | Found a transporter.
  7360 | D:7      | Succumbed to a killer bee's poison

Illustrated notes

Levels and vault maps discovered:
D:1:      wander_arrival_fairy_ring, layout_loops_ring
D:2:      layout_loops_ring, serial_bayou_crossing, uniq_jessica
D:3:      layout_loops_ring, nicolae_overflow_hidden_temple,
          nemelex_xobeh_ov_fountains_minmay, uniq_natasha
D:4:      layout_cave_pods, nicolae_vehumet_altar_sigil, lemuel_round_altar,
          minmay_temple_entry_gardened_gates, minmay_gold_behind_fungi,
          uniq_robin
D:5:      minmay_chambers_of_threes, layout_loops_corners
D:6:      layout_basic, serial_shops, nicolae_shop_trees
D:7:      layout_gridville, led_xom_imps, serial_shops,
          nicolae_shop_hallway_plus, shop, minmay_misc_feat_roman
D:8:      layout_cave_pools, grunt_lair_entry_orc_guard_hut,
          gammafunk_ghost_stat_death

Skill      XL: |  1  2  3  4  5  6  7  8  9 |
---------------+----------------------------+-----
Axes           | 3 4 5 7 8 10 11 | 11.5
Throwing       | 4 6 |  6.0
Fighting       | |  2.6
Armour         | |  1.5
Dodging        | |  0.7

Action                   |  1- 3 |  4- 6 |  7- 9 || total
-------------------------+-------+-------+-------++-------
Melee: Short sword       |   110 |    99 |       ||   209
       Hand axe          |    10 |     4 |   104 ||   118
       Bite              |    29 |    39 |    75 ||   143
       Punch             |     2 |     3 |     1 ||     6
       Dagger            |       |    86 |   133 ||   219
       Battleaxe         |       |       |    43 ||    43
Throw: Dart              |       |     4 |    13 ||    17
Evoke: Piece from Xom's  |       |     4 |     3 ||     7
  Use: Potion            |       |     5 |     2 ||     7
       Scroll            |       |       |    11 ||    11
 Stab: Sleeping          |       |     1 |       ||     1
       Invisible         |       |       |     5 ||     5
       Paralysed         |       |       |     5 ||     5
       Confused          |       |       |     2 ||     2
Armor: Leather armour    |    56 |    53 |    59 ||   168
       Scale mail        |       |       |    17 ||    17
Dodge: Dodged            |    66 |   110 |   186 ||   362

Table legend: (Time is in decaauts)
 A = Elapsed time spent in this place.
 B = Non-inter-level travel time spent in this place.
 C = Inter-level travel time spent in this place.
 D = Time resting spent in this place.
 E = Time spent auto-exploring this place.
 F = Levels seen in this place.
 G = Mean time per level.
                   A        B        C        D        E       F      G
               +--------+--------+--------+--------+--------+-----+--------+
         Total |   7376 |   7032 |    344 |    157 |   5358 |   8 |  922.0 |
       Dungeon |   7376 |   7032 |    344 |    157 |   5358 |   8 |  922.0 |
               +--------+--------+--------+--------+--------+-----+--------+

Top non-repeatable levels by time:
     D:5: 1568 daAuts
     D:1: 1280 daAuts
     D:7: 1062 daAuts
     D:3: 919 daAuts
     D:4: 867 daAuts
     D:2: 804 daAuts
     D:6: 780 daAuts
     D:8: 93 daAuts
